 Dungeon Crawl Stone Soup version 0.24-a0-525-g9231cdcba1 (webtiles) character file.

Game seed: 4630487063213643291

4716 BinkBink the Cleaver (level 10, -11/76 HPs)
             Began as a Demonspawn Gladiator on Aug 3, 2019.
             Was a Believer of Qazlal.
             Mangled by Snorg (13 damage)
             ... on level 10 of the Dungeon.
             The game lasted 00:21:16 (8398 turns).

BinkBink the Cleaver (Demonspawn Gladiator)         Turns: 8398, Time: 00:21:16

Health: -11/76     AC: 22    Str: 14    XL:     10   Next: 22%
Magic:  0/10       EV:  9    Int: 11    God:    Qazlal [**....]
Gold:   706        SH:  2    Dex: 19    Spells: 9/9 levels left

rFire    . . .     SeeInvis +   J - +1 rapier (elec)
rCold    + . .     Gourm    .   (no shield)
rNeg     . . .     Faith    .   i - +2 chain mail {rC+}
rPois    .         Spirit   +   (helmet unavailable)
rElec    .         Reflect  .   u - +2 cloak
rCorr    .         Harm     .   (no gloves)
MR       .....                  (no boots)
Stlth    ..........             w - amulet of guardian spirit
HPRegen  0.22/turn              G - +2 ring of dexterity
MPRegen  0.12/turn              v - +5 ring of protection (curse)

@: no status effects
A: antennae 3, slimy green scales 2, powered by pain 1, rot immunity
a: Upheaval, Renounce Religion


You were on level 10 of the Dungeon.
You worshipped Qazlal.
Qazlal was pleased with you.
You were hungry.

You visited 2 branches of the dungeon, and saw 11 of its levels.

You collected 706 gold pieces.

Inventory:

Hand Weapons
 a - a +0 war axe
 J - a +1 rapier of electrocution (weapon)
Missiles
 d - 3 throwing nets (quivered)
Armour
 b - a +0 leather armour
 i - a +2 chain mail of cold resistance (worn)
 u - a +2 cloak (worn)
 K - a +0 buckler
Jewellery
 v - a cursed +5 ring of protection (right hand)
 w - an amulet of guardian spirit (around neck)
 A - an uncursed amulet of the acrobat
 G - a +2 ring of dexterity (left hand)
Wands
 n - a wand of random effects (16)
 r - a wand of digging (5)
 D - a wand of scattershot (2)
 H - a wand of polymorph (31)
Scrolls
 g - 2 scrolls of magic mapping {unknown}
 h - 5 scrolls of teleportation
 j - 4 scrolls of remove curse {unknown}
 k - 2 scrolls of random uselessness
 m - 3 scrolls of immolation {unknown}
 p - 3 scrolls of amnesia {unknown}
 q - a scroll of blinking {unknown}
 s - 3 scrolls of enchant weapon
 t - 5 scrolls of fog
 y - 2 scrolls of summoning
 B - a scroll of torment
 E - 2 scrolls of acquirement {unknown}
 L - a scroll of identify
Potions
 c - a potion of brilliance
 e - a potion of magic {unknown}
 l - 2 potions of flight
 o - a potion of agility
 x - a potion of lignification
 z - a potion of ambrosia
 C - 3 potions of curing
 F - 2 potions of might
Comestibles
 f - 15 rations


   Skills:
 + Level 6.0 Fighting
 + Level 3.8 Short Blades
 + Level 9.5 Axes
 + Level 1.8 Throwing
 + Level 4.5 Armour
 + Level 6.0 Dodging
 + Level 3.4 Stealth


You had 9 spell levels left.
You didn't know any spells.
Your spell library contained the following spells:

 Spells                   Type           Power        Failure   Level  Hunger
 Animate Skeleton         Necr           N/A          100%        1    ##.....


Dungeon Overview and Level Annotations

Branches:
Dungeon (10/15)            Temple (1/1) D:7             Orc (0/2) D:9
   Lair: D:8-11

Altars:
Ashenzari
Cheibriados
Dithmenos
Elyvilon
Fedhas
Gozag
Hepliaklqana
Kikubaaqudgha
Makhleb
Nemelex Xobeh
Okawaru
Qazlal
Ru
Sif Muna
Trog
Uskayaw
Vehumet
Wu Jian
Xom
Yredelemnul
Zin
The Shining One
Jiyva

Annotations:
D:2 Natasha
D:9 3 runed translucent doors, waddelsworth's ghost, novice HOBe
D:10 Snorg


Innate Abilities, Weirdness & Mutations

You have a pair of large antennae on your head. (SInv)
You are mostly covered in slimy green scales. (AC +3)
You sometimes gain a little power by taking damage.
You are immune to rotting.


Message History

You puncture Snorg!
Snorg is moderately wounded.
Snorg goes berserk!
You closely miss Snorg.
Snorg is moderately wounded.
You block Snorg's attack. Snorg closely misses you. Snorg claws you.
Snorg bites you!
* * * LOW HITPOINT WARNING * * *
Snorg claws you.
* * * LOW HITPOINT WARNING * * *
Snorg barely misses you. Snorg bites you but does no damage.
Snorg barely misses you. Snorg claws you but does no damage.
Snorg rages.
You block Snorg's attack. Snorg barely misses you. Snorg claws you!
* * * LOW HITPOINT WARNING * * *
Snorg closely misses you. Snorg claws you!
* * * LOW HITPOINT WARNING * * *
Snorg claws you!
You die...

........... .......
#.......... .......
#.......... ......
#.......... .....
#.......... #...
#....>..... #...
#...(...###
####...##.○..../#
.......@T<.........
###################


You could see Snorg (berserk).

Vanquished Creatures
  An unseen horror (D:9)
  Maurice (D:9)
  A hippogriff (D:7)
  A wyvern (D:9)
  Eustachio (D:6)
  2 orc warriors
  An ice beast (D:7)
  A black bear (D:7)
  2 sky beasts
  5 ogres
  6 centaurs
  2 phantoms
  A big kobold (D:9)
  6 bullfrogs
  A wyvern skeleton (D:9)
  A howler monkey (D:9)
  2 crimson imps
  6 jellies
  A bullfrog zombie (D:7)
  3 hounds
  12 orc wizards
  3 orc priests
  3 bullfrog skeletons
  2 iguanas
  Terence (D:2)
  8 worker ants
  Natasha (twice) (D:2)
  2 worker ant zombies
  11 adders
  4 gnolls (D:5)
  3 shadow imps (D:5)
  5 oozes (D:9)
  An adder zombie (D:9)
  An adder skeleton (D:5)
  A worm (D:6)
  3 dart slugs
  4 leopard geckos
  31 orcs
  2 ball pythons
  3 giant cockroaches
  12 goblins
  8 hobgoblins
  13 jackals
  15 kobolds
  4 quokkas
  5 bats
  4 frilled lizards
  A jackal skeleton (D:5)
  A leopard gecko zombie (D:7)
  2 quokka zombies
  7 rats
  A fungus (D:2)
  A toadstool (D:2)
221 creatures vanquished.

Vanquished Creatures (others)
  A leopard gecko zombie (D:8)
  A plant (D:10)
  3 toadstools (D:2)
5 creatures vanquished.

Grand Total: 226 creatures vanquished

Notes
Turn   | Place    | Note
-------+----------+-------------------------------------------
     0 | D:1      | BinkBink the Demonspawn Gladiator began the quest for the
                  | Orb.
     0 | D:1      | Reached XP level 1. HP: 16/16 MP: 1/1
    52 | D:1      | Reached skill level 3 in Axes
    61 | D:1      | Gained mutation: You are partially covered in slimy green
                  | scales. (AC +2) [demonic ancestry]
    61 | D:1      | Reached XP level 2. HP: 21/22 MP: 2/2
   300 | D:1      | You fall into a shaft and drop 1 floor!
   392 | D:2      | Gained mutation: You sometimes gain a little power by
                  | taking damage. [demonic ancestry]
   392 | D:2      | Reached XP level 3. HP: 19/27 MP: 3/3
   436 | D:2      | Noticed Natasha
   444 | D:2      | Killed Natasha
   483 | D:2      | Noticed Natasha
   488 | D:2      | Killed Natasha
   488 | D:2      | Gained mutation: You are mostly covered in slimy green
                  | scales. (AC +3) [demonic ancestry]
   488 | D:2      | Reached XP level 4. HP: 23/34 MP: 4/4
   490 | D:2      | Reached skill level 1 in Armour
   787 | D:2      | Noticed Natasha
   810 | D:2      | Noticed Terence
   822 | D:2      | Killed Terence
   822 | D:2      | Reached skill level 4 in Axes
   972 | D:3      | Reached XP level 5. HP: 39/39 MP: 5/5
  1461 | D:4      | Gained mutation: You have a pair of small antennae on your
                  | head. [demonic ancestry]
  1461 | D:4      | Reached XP level 6. HP: 35/46 MP: 6/6
  2257 | D:5      | Entered Level 5 of the Dungeon
  2261 | D:5      | Reached skill level 5 in Axes
  2268 | D:5      | HP: 2/47 [centaur/arrow (3)]
  2575 | D:5      | Gained mutation: You are immune to rotting. [demonic
                  | ancestry]
  2575 | D:5      | Reached XP level 7. HP: 40/52 MP: 7/7
  3078 | D:5      | Reached skill level 1 in Stealth
  3700 | D:6      | Reached skill level 6 in Axes
  3735 | D:6      | Noticed Eustachio
  3772 | D:6      | Killed Eustachio
  3818 | D:6      | Gained mutation: You have a pair of antennae on your head.
                  | [demonic ancestry]
  3818 | D:6      | Reached XP level 8. HP: 24/60 MP: 8/8
  4102 | D:6      | Reached skill level 7 in Axes
  4149 | D:6      | Found an opulent altar of Gozag.
  4149 | D:6      | Found a sacrificial altar of Ru.
  4795 | D:7      | Noticed a hippogriff
  4810 | D:7      | Killed a hippogriff
  4810 | D:7      | Reached skill level 8 in Axes
  4810 | D:7      | Reached skill level 5 in Dodging
  4815 | D:7      | Found a sparkling altar of Nemelex Xobeh.
  4844 | D:7      | Reached XP level 9. HP: 36/67 MP: 9/9
  4976 | D:7      | Reached skill level 5 in Fighting
  5413 | D:7      | Found a staircase to the Ecumenical Temple.
  5499 | D:7      | Reached skill level 9 in Axes
  5842 | Temple   | Entered the Ecumenical Temple
  5988 | Temple   | Became a worshipper of Qazlal Stormbringer
  6919 | D:8      | Found a radiant altar of Vehumet.
  6935 | D:8      | Found an ancient bone altar of Kikubaaqudgha.
  6960 | D:8      | Identified Kikubaaqudgha's Compendium of Black Magic
  6968 | D:8      | Found a deep blue altar of Sif Muna.
  7107 | D:9      | HP: 1/68 [wyvern (12)]
  7119 | D:9      | Killed an unseen horror
  7119 | D:9      | Reached skill level 1 in Short Blades
  7302 | D:9      | Reached * piety under Qazlal
  7307 | D:9      | Found a viscous altar of Jiyva.
  7427 | D:9      | Gained mutation: You have a pair of large antennae on your
                  | head. (SInv) [demonic ancestry]
  7427 | D:9      | Reached XP level 10. HP: 25/76 MP: 7/10
  7634 | D:9      | Found an iron altar of Okawaru.
  7677 | D:9      | Found a stormy altar of Qazlal.
  7682 | D:9      | Noticed Maurice
  7712 | D:9      | Killed Maurice
  7877 | D:9      | Found a runed translucent gate.
  7878 | D:9      | Noticed waddelsworth's ghost (novice HOBe)
  7879 | D:9      | Found a runed translucent gate.
  7880 | D:9      | Found a runed translucent gate.
  7962 | D:9      | Found a snail-covered altar of Cheibriados.
  8076 | D:9      | Found a staircase to the Orcish Mines.
  8127 | D:10     | Entered Level 10 of the Dungeon
  8155 | D:10     | Reached ** piety under Qazlal
  8160 | D:10     | Noticed a gargoyle
  8383 | D:10     | Noticed Snorg
  8398 | D:10     | HP: 2/76 [Snorg (5)]
  8398 | D:10     | Mangled by Snorg

Levels and vault maps discovered:
D:1:      psy_arrival_fountain, layout_rooms
D:2:      layout_basic, minmay_gold_behind_fungi, grunt_ministairs_11,
          minmay_split_cup_large, uniq_natasha, uniq_terence
D:3:      layout_rooms, serial_corexii_hall, corexii_hall_statues_l,
          chequers_hall_statues_y
D:4:      layout_gridville, first_ration
D:5:      layout_basic, minmay_misc_feat_enclosed
D:6:      cheibrodos_iron_armory, layout_basic, amethyst_overflow_temple_binary,
          uniq_eustachio
D:7:      black_bear_nest_1, layout_basic, minmay_temple_entry_mist,
          nemelex_lonely_heart_becter
D:8:      layout_loops_ring, palyth_temple_overflow_mages
D:9:      layout_rooms, cheibriados_altar_1, orc_0_dummy,
          ebering_ghost_rock_garden, basic_altar,
          hangedman_little_slice_of_home, okawaru_metal_pillars_3, uniq_maurice
D:10:     layout_stronghold, david_lair_shrubbed, uniq_erolcha, uniq_urug,
          uniq_snorg
Temple:   regret_index_temple_sphere_string

Skill      XL: |  1  2  3  4  5  6  7  8  9 10 |
---------------+-------------------------------+-----
Axes           | 3 4 5 6 8 9 |  9.5
Dodging        | 3 4 5 6 |  6.0
Armour         | 1 2 3 4 |  4.5
Fighting       | 3 4 5 6 |  6.0
Stealth        | 1 3 |  3.4
Short Blades   | 2 3 |  3.8
Throwing       | |  1.8

Action                   |  1- 3 |  4- 6 |  7- 9 | 10-12 || total
-------------------------+-------+-------+-------+-------++-------
Melee: War axe           |    87 |   174 |   428 |       ||   689
       Rapier            |       |       |   109 |   126 ||   235
  Use: Potion            |       |     1 |     4 |       ||     5
       Scroll            |       |       |    11 |       ||    11
 Stab: Sleeping          |       |     1 |     5 |       ||     6
       Distracted        |       |     1 |     2 |       ||     3
  Eat: Chunk             |       |     4 |     4 |     3 ||    11
       Ration            |       |     1 |     3 |       ||     4
Armor: Leather armour    |    40 |    55 |   165 |       ||   260
       Chain mail        |       |       |   100 |    75 ||   175
Dodge: Dodged            |    79 |   168 |   483 |    48 ||   778
Block: Other             |       |       |     2 |    11 ||    13

Table legend:
 A = Non-vault XP
 B = Vault XP
 C = Vault XP percentage of total XP
 D = Non-vault monster count
 E = Vault monster count
 F = Vault count percentage of total count
                 A         B        C        D         E       F
            +---------+---------+-------+---------+---------+-------
      Total |    5487 |    1251 |  18.6 |     194 |      25 |  11.4
            +---------+---------+-------+---------+---------+-------
        D:1 |      21 |       0 |   0.0 |      12 |       0 |   0.0
        D:2 |      77 |      80 |  51.0 |      18 |       8 |  30.8
        D:3 |     164 |       0 |   0.0 |      31 |       0 |   0.0
        D:4 |     141 |       0 |   0.0 |       9 |       0 |   0.0
        D:5 |     485 |       0 |   0.0 |      20 |       0 |   0.0
        D:6 |     969 |     202 |  17.3 |      26 |       1 |   3.7
        D:7 |    1760 |     128 |   6.8 |      35 |       1 |   2.8
        D:8 |     227 |     239 |  51.3 |       6 |       6 |  50.0
        D:9 |    1485 |     602 |  28.8 |      35 |       9 |  20.5
       D:10 |     158 |       0 |   0.0 |       2 |       0 |   0.0
            +---------+---------+-------+---------+---------+-------
